 Dungeon Crawl Stone Soup version 0.15-a0-1798-g4683f23 (webtiles) character file.

13567 PolkaDot the Jinx (level 11, -8/68 HPs)
             Began as a Vampire Enchanter on June 29, 2014.
             Was an Initiate of Ashenzari.
             Mangled by a hill giant
             ... wielding a +0 giant club
              (25 damage)
             ... on Level 10 of the Dungeon.
             The game lasted 01:01:52 (13137 turns).

PolkaDot the Jinx (Vampire Enchanter)              Turns: 13137, Time: 01:01:52

HP  -8/68        AC  6     Str  7      XL: 11   Next: 77%
MP  14/17        EV 12     Int 20      God: Ashenzari [......]
Gold 525         SH  0     Dex 14      Spells:  5 memorised,  1 level left

rFire  . . .     SeeInvis +     b - +3 dagger (venom) (curse)
rCold  + + .     Clarity  .     i - +0 robe {MR+} (curse)
rNeg   + + +     rCorr    +     (no shield)
rPois  +         rRot     +     h - +0 helmet (curse)
rElec  .         Spirit   .     f - +2 cloak (curse)
SustAb .         Warding  .     (no gloves)
rMut   .         Stasis   .     (no boots)
Gourm  .                        g - amulet of resist corrosion
MR     ++...                    (no ring)
                                (no ring)

@: regenerating slowly, very resistant to hostile enchantments, extremely
stealthy
A: bottle blood, fangs 3, see invisible, wild magic 1, unbreathing
a: Bat Form, Bottle Blood, Renounce Religion


You were on level 10 of the Dungeon.
You worshipped Ashenzari.
Ashenzari was noncommittal.
You were near bloodless.

You visited 2 branches of the dungeon, and saw 11 of its levels.
You also visited: Sewer and Ossuary.

You collected 525 gold pieces.

Inventory:

Hand weapons
 b - a cursed +3 dagger of venom (weapon)
Missiles
 a - 2 throwing nets (quivered)
Armour
 f - a cursed +2 cloak (worn)
 h - a cursed +0 helmet (worn)
 i - a cursed +0 robe of magic resistance (worn)
Magical devices
 v - a wand of flame (11)
 A - a wand of heal wounds (0)
 C - a wand of disintegration (4)
Scrolls
 j - 8 scrolls of curse armour
 m - a scroll of torment {unknown}
 n - 11 scrolls of curse jewellery
 r - 10 scrolls of curse weapon
 t - a scroll of amnesia {unknown}
 y - a scroll of acquirement {unknown}
 z - a scroll of magic mapping
 B - a scroll of blinking {unknown}
Jewellery
 g - an amulet of resist corrosion (around neck)
Potions
 d - a potion of cure mutation {!q}
 k - a potion of haste
 l - a potion of might
 o - 3 potions of curing
 p - a potion of brilliance
 q - 2 potions of flight
 u - a potion of agility
 x - a potion of mutation {unknown}
Books
 c - a book of Maledictions

   Spells                             Type                      Level
   *Corona                            Hexes                        1
   Sure Blade                         Hexes/Charms                 2
   *Ensorcelled Hibernation           Hexes/Ice                    2
   *Confuse                           Hexes                        3
   *Dazzling Spray                    Conjuration/Hexes            3
   *Enslavement                       Hexes                        4
 s - a book of the Sky

   Spells                             Type                      Level
   Flight                             Charms/Air                   3
   Airstrike                          Air                          4
   Silence                            Hexes/Air                    5
   Deflect Missiles                   Charms/Air                   6
   Conjure Ball Lightning             Conjuration/Air              6
   Tornado                            Air                          9


   Skills:
 * Level 13.3 Short Blades
 - Level 2.1 Dodging
 + Level 14.7 Stealth
 - Level 2.0 Spellcasting
 + Level 14.9 Hexes
 - Level 1.5 Ice Magic


You had one spell level left.
You knew the following spells:

 Your Spells              Type           Power        Failure   Level  Hunger
a - Corona                Hex            #######      1%          1    #......
c - Confuse               Hex            #######.     1%          3    ###....
d - Ensorcelled Hibernat  Hex/Ice        ######       3%          2    ##.....
e - Enslavement           Hex            #######.     2%          4    #####..
s - Dazzling Spray        Conj/Hex       #####...     7%          3    ###....


Dungeon Overview and Level Annotations

Branches:
Dungeon (10/15)            Temple (1/1) D:7             Orc (0/4) D:9
   Lair: D:8-11

Altars:
Ashenzari
Cheibriados
Dithmenos
Elyvilon
Fedhas
Gozag
Kikubaaqudgha
Makhleb
Nemelex Xobeh
Okawaru
Qazlal
Sif Muna
Trog
Vehumet
Xom
Yredelemnul
Zin
The Shining One


Innate Abilities, Weirdness & Mutations

You heal slowly.
You can bottle blood from corpses.
You have razor-sharp teeth.*
You have supernaturally acute eyesight.
You can survive without breathing.*
Your spells are a little harder to cast, but a little more powerful.


Message History

Casting: Ensorcelled Hibernation
Confirm with . or Enter, or press ? or * to list all spells.
Aiming: Confuse
Press: ? - help, Shift-Dir - straight line, f - hill giant
Aim: a hill giant, wielding a giant club The hill giant struggles to resist.
The hill giant hits you with a giant club!!
* * * LOW HITPOINT WARNING * * *
Drink which item? (? for menu, Esc to quit)
Okay, then.
Read which item? (? for menu, Esc to quit)
As you read the scroll of fear, it crumbles to dust.
You assume a fearsome visage.
The hill giant resists.
The worker ant looks frightened!
You see here a +0 dagger.
Read which item? (? for menu, Esc to quit)
As you read the scroll of fear, it crumbles to dust.
You assume a fearsome visage.
The hill giant resists.
The hill giant hits you with a giant club!!
You die...

######.##.....................
#####........##.....##.#.#.#.
#......#.....##........%.....
#.........>...#.....##.##.##.
#..............##.####.##.##.
#.........................##.
######.........##.####....##.
#............# #.....#(
#.....C@..%### #.....#.
##.....))#.######.....#.
#.......................
#....)......######....#.
##########.........#########.#...
.................................
##########.......................
#....################### #....#


You could see a hill giant.

Vanquished Creatures
  Josephine (D:10)
  A centaur warrior (D:10)
  An unseen horror (D:10)
  Pikel (D:7)
  Joseph (D:9)
  A queen ant (D:10)
  A komodo dragon (D:10)
  A troll (D:10)
  2 two-headed ogres
  11 yaks
  A deep elf mage (D:10)
  2 wyverns
  Grum (D:9)
  A hill giant skeleton (D:10)
  10 soldier ants (D:10)
  Edmund (D:8)
  Menkaure (D:5)
  4 wolves (D:9)
  A slave (D:7)
  A black bear (D:9)
  A necrophage (D:10)
  6 orc warriors
  7 ogres
  A yellow wasp (D:8)
  6 phantoms
  4 ice beasts
  5 centaurs
  A big kobold (Sewer)
  6 giant frogs
  A scorpion (D:5)
  9 killer bees
  A yak skeleton (D:8)
  A spriggan skeleton (D:10)
  A troll skeleton (D:10)
  A crimson imp (D:8)
  4 wights (D:8)
  2 goliath beetles
  4 hounds
  3 big fish (Sewer)
  A centaur skeleton (D:10)
  10 orc priests
  A jelly (D:7)
  11 orc wizards
  A giant frog skeleton (D:10)
  Natasha (thrice) (D:3)
  3 iguanas
  37 worker ants
  Ijyb (D:5)
  A big kobold skeleton (D:10)
  A hound skeleton (D:9)
  A scorpion zombie (D:9)
  A green rat (D:5)
  14 adders
  7 gnolls
  A steam dragon skeleton (D:10)
  3 shadow imps
  A worm (D:4)
  An orc simulacrum (D:10)
  7 giant geckos
  4 oozes
  48 orcs
  21 bats
  A bat zombie (D:5)
  4 giant cockroaches
  7 hobgoblins
  9 jackals
  25 kobolds
  5 quokkas
  6 ball pythons
  A giant gecko skeleton (D:5)
  4 giant newts
  21 goblins
  A kobold skeleton (D:4)
  3 quokka skeletons
  20 rats
  6 ballistomycetes (D:10)
400 creatures vanquished.

Vanquished Creatures (collateral kills)
  A soldier ant (D:10)
  2 worker ants (D:10)
  An adder skeleton (D:10)
4 creatures vanquished.

Vanquished Creatures (others)
  A ball python (D:7)
  3 giant spores
  2 ballistomycetes (D:10)
  A butterfly (D:7)
7 creatures vanquished.

Grand Total: 411 creatures vanquished

Notes
Turn   | Place    | Note
--------------------------------------------------------------
     0 | D:1      | PolkaDot, the Vampire Enchanter, began the quest for the Orb.
     0 | D:1      | Reached XP level 1. HP: 13/13 MP: 3/3
   435 | D:1      | Reached XP level 2. HP: 19/19 MP: 4/4
   439 | D:1      | Learned a level 2 spell: Ensorcelled Hibernation
  1267 | D:1      | Reached XP level 3. HP: 17/24 MP: 1/6
  1518 | D:2      | Reached skill level 1 in Ice Magic
  1725 | D:2      | Learned a level 3 spell: Confuse
  1916 | D:2      | Reached skill level 5 in Hexes
  1979 | D:2      | Reached XP level 4. HP: 30/30 MP: 7/7
  2571 | D:3      | Noticed Natasha
  2577 | D:3      | Killed Natasha
  2908 | D:3      | Noticed Natasha
  2914 | D:3      | Killed Natasha
  3172 | D:3      | Noticed Natasha
  3180 | D:3      | Killed Natasha
  3204 | D:4      | Reached skill level 5 in Stealth
  3204 | D:4      | Reached XP level 5. HP: 35/35 MP: 1/9
  3332 | D:4      | Reached skill level 6 in Hexes
  3516 | D:4      | Found a basalt altar of Yredelemnul.
  3872 | D:4      | Reached XP level 6. HP: 39/41 MP: 2/10
  3892 | D:4      | Reached skill level 7 in Hexes
  4370 | D:4      | Reached skill level 8 in Hexes
  4452 | D:4      | Noticed an ogre
  4463 | D:4      | Killed an ogre
  4463 | D:4      | Reached XP level 7. HP: 39/46 MP: 1/12
  4536 | D:4      | Noticed an ogre
  4546 | D:4      | Killed an ogre
  4631 | D:4      | Learned a level 4 spell: Enslavement
  5033 | D:5      | Entered Level 5 of the Dungeon
  5033 | D:5      | Noticed Ijyb
  5045 | D:5      | Killed Ijyb
  5174 | D:5      | Reached skill level 5 in Short Blades
  5174 | D:5      | Reached skill level 9 in Hexes
  5197 | D:5      | Found a sand-covered staircase.
  5202 | Ossuary  | Entered an ossuary
  5270 | D:5      | Found a glowing drain.
  5289 | Sewer    | Entered a sewer
  5995 | Sewer    | Reached XP level 8. HP: 52/52 MP: 13/13
  6017 | Sewer    | Reached skill level 10 in Hexes
  6240 | D:5      | Noticed Menkaure
  6262 | D:5      | Killed Menkaure
  6513 | D:5      | Reached skill level 11 in Hexes
  6957 | D:6      | Found a glowing silver altar of Zin.
  7184 | D:6      | Found an ancient bone altar of Kikubaaqudgha.
  7404 | D:6      | Reached skill level 10 in Stealth
  7404 | D:6      | Reached XP level 9. HP: 52/57 MP: 11/14
  8036 | D:7      | Noticed Pikel
  8088 | D:7      | Found a staircase to the Ecumenical Temple.
  8099 | Temple   | Entered the Ecumenical Temple
  8390 | D:7      | Killed Pikel
  8390 | D:7      | Reached skill level 12 in Hexes
  8537 | D:7      | Found an opulent altar of Gozag.
  9602 | D:8      | Reached XP level 10. HP: 58/63 MP: 12/16
  9673 | D:8      | Noticed Edmund
  9681 | D:8      | Killed Edmund
  9681 | D:8      | Reached skill level 10 in Short Blades
  9687 | D:8      | Learned a level 3 spell: Dazzling Spray
 10028 | D:8      | Reached skill level 13 in Hexes
 10072 | D:9      | Noticed Joseph
 10077 | D:9      | Killed Joseph
 10100 | D:9      | Noticed Grum
 10105 | D:9      | Killed Grum
 10232 | D:9      | Gained mutation: Your spells are a little harder to cast, but a little more powerful. [potion of beneficial mutation]
 10731 | D:9      | Found a staircase to the Orcish Mines.
 10760 | D:9      | Found a shattered altar of Ashenzari.
 10760 | D:9      | Found a shadowy altar of Dithmenos.
 10765 | D:9      | Became a worshipper of Ashenzari the Shackled
 11285 | D:10     | Entered Level 10 of the Dungeon
 11299 | D:10     | Noticed a centaur warrior
 11357 | D:10     | Reached XP level 11. HP: 55/68 MP: 11/17
 11383 | D:10     | Killed a centaur warrior
 11383 | D:10     | Reached skill level 14 in Hexes
 11644 | D:10     | Noticed Josephine
 11663 | D:10     | Josephine (ally) was killed
 11663 | D:10     | Your ally died
 12566 | D:10     | Noticed an unseen horror
 12573 | D:10     | Killed an unseen horror
 12883 | D:10     | Identified the +2 whip "Fazylas" {slash, +Inv Int-2}
 13118 | D:10     | Noticed a hill giant
 13137 | D:10     | Mangled by a hill giant

Action                   |  1- 3 |  4- 6 |  7- 9 | 10-12 || total
-------------------------+-------+-------+-------+-------++-------
Melee: Dagger            |    80 |   166 |   340 |   445 ||  1031
 Cast: Corona            |     3 |     3 |     1 |    17 ||    24
       Ensorcelled Hiber |    15 |    56 |    67 |    81 ||   219
       Confuse           |       |     3 |    20 |    28 ||    51
       Enslavement       |       |       |     2 |     2 ||     4
       Dazzling Spray    |       |       |       |     2 ||     2
Evoke: Wand              |       |       |     7 |     1 ||     8
  Use: Scroll            |       |    12 |     7 |    11 ||    30
       Potion            |       |     3 |     2 |    12 ||    17
 Stab: Sleeping          |    23 |    36 |    74 |    76 ||   209
       Distracted        |       |     1 |     1 |     3 ||     5
       Confused          |       |     1 |    10 |    17 ||    28
       Invisible         |       |       |       |     9 ||     9
